 Dungeon Crawl Stone Soup version 0.29.0-4-gdea44cf6ec (webtiles) character file.

Game seed: 13505738878246294770

52 qw the Chopper (level 3, -1/21 HPs)
             Began as a Tengu Warper on Aug 29, 2022.
             Slain by a quokka (4 damage)
             ... on level 2 of the Dungeon.
             The game lasted 00:00:25 (1365 turns).

qw the Chopper (Tengu Warper)                       Turns: 1365, Time: 00:00:26

Health: -1/21      AC:  8    Str: 13    XL:     3   Next: 85%
Magic:  7/7        EV:  6    Int: 13    God:
Gold:   43         SH:  0    Dex: 13    Spells: 6/6 levels left

rFire   . . .      SeeInvis .   Y - +1 hand axe
rCold   . . .      Faith    .   (no shield)
rNeg    . . .      Spirit   .   g - +0 chain mail
rPois   .          Reflect  .   (helmet restricted)
rElec   .          Harm     .   (no cloak)
rCorr   .          Rampage  .   (no gloves)
Will    .....                   (boots unavailable)
Stlth   ..........              k - amulet of the acrobat
HPRegen 0.07/turn               (no ring)
MPRegen 0.10/turn               (no ring)

@: no status effects
A: beak, talons 3
a: no special abilities


You were on level 2 of the Dungeon.
You visited 1 branch of the dungeon, and saw 2 of its levels.

You collected 43 gold pieces.


Innate Abilities, Weirdness & Mutations

You have a beak for a mouth.
You have claws for feet.


   Skills:
 - Level 2.0 Fighting
 + Level 4.4 Axes
 - Level 1.0 Throwing
 - Level 1.1 Armour
 - Level 2.1 Dodging
 - Level 2.0 Spellcasting
 - Level 2.4 Translocations


You had 6 spell levels left.
You didn't know any spells.
Your spell library contained the following spells:

 Spells                   Type           Power      Damage    Failure   Level
 Blink                    Tloc           14%        N/A       99%         2
 Gell's Gravitas          Tloc           7%         N/A       100%        3
 Lesser Beckoning         Tloc           7%         N/A       100%        3
 Teleport Other           Tloc           7%         N/A       100%        3
 Manifold Assault         Tloc           7%         N/A       100%        5

Inventory:

Hand Weapons
 j - a +0 whip
 Y - a +1 hand axe (weapon)
Armour
 g - a +0 chain mail (worn)
Jewellery
 k - an amulet of the acrobat (around neck)
Scrolls
 a - a scroll of identify
Potions
 b - a potion of might {unknown}
 c - a potion of heal wounds {unknown}
 h - a potion of curing {unknown}

Dungeon Overview and Level Annotations

Branches:
Dungeon (2/15)

Altars:


Message History

The quokka bites you but does no damage.
Jessica completely misses you. The quokka bites you.
Jessica hits you with a +0 dagger.
1320 ||| READING 2 scrolls of teleportation.
As you read the scroll of teleportation, it crumbles to dust.
You feel strangely unstable. The quokka closely misses you.
Jessica mumbles some strange words.
Jessica seems to speed up.
The quokka bites you but does no damage.
You slash Jessica!
You kill Jessica!
You hit the quokka. The quokka barely misses you. The quokka bites you.
Your Axes skill increases to level 4!
You barely miss the quokka. Your kick misses the quokka.
Your peck misses the quokka.
The quokka is heavily wounded.
Your surroundings suddenly seem different.
You start resting.
You feel yourself speed up.
A hobgoblin comes into view.
1351 ||| Stepping ~*~*~tactically~*~*~ (stealth).
You start resting.
A hobgoblin is nearby!
The hobgoblin throws a stone.
The stone hits you.
1356 ||| READING scroll of teleportation.
As you read the scroll of teleportation, it crumbles to dust.
You feel strangely unstable.
You closely miss the hobgoblin. You claw the hobgoblin.
You kill the hobgoblin!
You start resting.
Your surroundings suddenly seem different.
Found 5 stones.
A bat comes into view.
The bat moves out of view.
You closely miss the quokka. Your kick misses the quokka. You peck the quokka.
The quokka is heavily wounded.
The quokka bites you.
You die...

. .# .
##. .##..
#.#.#
#...#
#...###.#
#.......#
#@....#
#r....#
#.#.#.#
(.....#
#.# ###
#.# .# .#
##. #.#
.##.# ..
#.#
.##.#..#


You could see a quokka.

Vanquished Creatures
  Jessica (D:2)
  2 bats (D:1)
  An endoplasm (D:1)
  2 giant cockroaches
  3 goblins (D:1)
  3 hobgoblins
  4 jackals (D:1)
  A quokka (D:1)
  2 frilled lizards (D:1)
  A kobold (D:1)
  3 rats (D:1)
23 creatures vanquished.

Notes
Turn   | Place    | Note
-------+----------+-------------------------------------------
     0 | D:1      | qw the Tengu Warper began the quest for the Orb.
     0 | D:1      | Reached XP level 1. HP: 12/12 MP: 4/4
     0 | D:1      | 0 ||| qw: Version: 0.1-a-89-g26bdef1
     0 | D:1      | 0 ||| qw: Game counter: 3475
     0 | D:1      | 0 ||| qw: Always use a shield: true
     0 | D:1      | 0 ||| qw: God list: Okawaru
     0 | D:1      | 0 ||| qw: Allow faded altars: false
     0 | D:1      | 0 ||| qw: Do Orc after D:15 true
     0 | D:1      | 0 ||| qw: Do second Lair branch before Depths: true
     0 | D:1      | 0 ||| qw: Lair rune preference: random
     0 | D:1      | 0 ||| qw: Plans: Normal
     0 | D:1      | 0 ||| PLANNING D:1-11
   201 | D:1      | Reached XP level 2. HP: 17/17 MP: 6/6
   220 | D:1      | Reached skill level 3 in Axes
   653 | D:1      | 653 ||| DROPPING +0 club.
  1013 | D:1      | Found a faded altar of an unknown god.
  1013 | D:1      | Noticed a balrug
  1021 | D:1      | 1021 ||| UPGRADING to +0 chain mail.
  1031 | D:1      | 1031 ||| DROPPING +0 leather armour.
  1032 | D:1      | 1032 ||| UPGRADING to amulet of the acrobat.
  1037 | D:1      | 1037 ||| READING 2 scrolls labelled EWADWU RUEB.
  1038 | D:1      | 1038 ||| READING 3 scrolls labelled GOESOCRAOTZ.
  1043 | D:1      | 1043 ||| READING scroll labelled AROIMA ODEU.
  1044 | D:1      | 1044 ||| READING scroll labelled PEILLU MI ZIRY.
  1145 | D:1      | 1145 ||| DROPPING scroll of blinking.
  1184 | D:2      | 1184 ||| STAIRDANCE
  1189 | D:2      | 1189 ||| STAIRDANCE
  1197 | D:2      | 1197 ||| STAIRDANCE
  1202 | D:2      | 1202 ||| STAIRDANCE
  1233 | D:2      | 1233 ||| STAIRDANCE
  1242 | D:2      | Reached XP level 3. HP: 21/21 MP: 7/7
  1287 | D:2      | 1287 ||| Stepping ~*~*~tactically~*~*~ (stealth).
  1311 | D:2      | Noticed Jessica
  1312 | D:2      | 1312 ||| Stepping ~*~*~tactically~*~*~ (hiding).
  1319 | D:2      | HP: 5/21 [Jessica/+0 dagger (1)]
  1320 | D:2      | 1320 ||| READING 2 scrolls of teleportation.
  1321 | D:2      | Killed Jessica
  1322 | D:2      | Reached skill level 4 in Axes
  1351 | D:2      | 1351 ||| Stepping ~*~*~tactically~*~*~ (stealth).
  1355 | D:2      | HP: 3/21 [hobgoblin/stone (3)]
  1356 | D:2      | 1356 ||| READING scroll of teleportation.
  1365 | D:2      | Slain by a quokka

Levels and vault maps discovered:
D:1:      saegor_arrival_simple_b, layout_basic,
          dreamdust_ecumenical_altar_sealed_demon
D:2:      layout_loops_ring, basic_altar, kennysheep_jessica_study

Skill      XL: |  1  2  3 |
---------------+----------+-----
Axes           | 3 4 |  4.4
Fighting       | |  2.0
Throwing       | |  1.0
Armour         | |  1.1
Dodging        | |  2.1
Spellcasting   | |  2.0
Translocations | |  2.4

Action                   || total
-------------------------++-------
Melee: Hand axe          ||    47
       Peck              ||     5
       Kick              ||    10
       Punch             ||     1
Throw: Boomerang         ||     7
  Use: Scroll            ||     6
Armor: Leather armour    ||     3
       Chain mail        ||    17
Dodge: Dodged            ||    17

Table legend:
 A = Non-vault XP
 B = Vault XP
 C = Vault XP percentage of total XP
 D = Non-vault monster count
 E = Vault monster count
 F = Vault count percentage of total count
                 A         B        C        D         E       F
            +---------+---------+-------+---------+---------+-------
      Total |      38 |      37 |  49.3 |      22 |       1 |   4.3
            +---------+---------+-------+---------+---------+-------
        D:1 |      32 |       0 |   0.0 |      19 |       0 |   0.0
        D:2 |       6 |      37 |  86.0 |       3 |       1 |  25.0
            +---------+---------+-------+---------+---------+-------
